Map: Washout LE

Players

VAUGHAN

  • Race: Terran Terran
  • League: Diamond

Wert - Winner!

  • Race: Zerg Zerg
  • League: Diamond

VOD

Have the link to the VOD?

Description

Time

  • Played on: Aug. 28, 2026, 9:21 a.m.
  • Length: 18:05
Show
View Real Time Build Order
Export as new Build Order

VAUGHAN Terran 

Build Orders: Mech 

Get SALT Encoding   

  8  0:02  SCV  
  9  0:14  SCV  
  10  0:25  Supply Depot  
  10  0:29  SCV  
  11  0:43  SCV  
  12  0:53  Barracks  
  12  1:02  SCV  
  13  1:14  SCV  
  14  1:26  SCV  
  15  1:38  Command Center  
  15  1:42  Marine  
  15  1:45  SCV  
  17  1:56  Bunker  
  17  1:57  SCV  
  17  2:00  Marine  
  19  2:09  SCV  
  20  2:18  Marine  
  21  2:28  Supply Depot  
  21  2:39  Refinery  
  21  2:49  Marine  
  21  2:50  SCV  
  23  2:53  SCV  
  24  3:02  SCV  
  25  3:06  SCV  
  25  3:07  Marine  
  27  3:14  SCV, Refinery  
  27  3:18  SCV  
  29  3:25  Marine  
  29  3:26  SCV  
  31  3:30  SCV  
  32  3:38  SCV  
  33  3:42  Factory, SCV  
  35  3:50  Barracks Tech Lab, SCV  
  35  3:53  Supply Depot  
  35  3:54  SCV  
  36  4:02  SCV  
  37  4:06  SCV, Refinery  
  38  4:10  Engineering Bay  
  38  4:18  SCV  
  38  4:23  Supply Depot, SCV  
  40  4:27  Barracks Reactor  
  40  4:30  SCV  
  41  4:32  Starport  
  41  4:40  Supply Depot  
  41  4:42  SCV  
  41  4:43  Siege Tank  
  45  4:47  SCV, Refinery  
  45  4:51  Missile Turret  
  46  4:57  Supply Depot  
  46  5:00  Orbital Command  
  46  5:07  Planetary Fortress  
  46  5:27  Viking  
  46  5:28  Viking  
  50  5:31  Supply Depot, Siege Tank  
  50  5:33  Barracks Reactor  
  50  5:34  SCV  
  54  5:46  SCV, Supply Depot  
  55  5:52  SCV, Missile Turret  
  56  5:58  SCV  
  56  6:00  Supply Depot  
  57  6:05  SCV  
  57  6:08  Siege Tank  
  57  6:10  SCV  
  62  6:17  SCV  
  62  6:18  Medivac  
  65  6:19  Viking  
  65  6:23  SCV  
  68  6:31  Marine  
  68  6:32  Marine, Factory  
  70  6:35  SCV  
  70  6:39  SCV  
  72  6:44  Supply Depot  
  72  6:51  SCV  
  72  6:52  Siege Tank  
  76  6:55  Marine x2  
  75  7:09  Bunker  
  75  7:17  Factory Tech Lab  
  75  7:22  SCV  
  76  7:24  Factory, SCV  
  77  7:32  Command Center  
  77  7:34  SCV  
  78  7:40  Supply Depot  
  78  7:42  Siege Tank  
  78  7:43  Siege Tank  
  84  7:54  Marine x2  
  83  8:04  SCV x2  
  85  8:08  Supply Depot  
  85  8:12  Marine x2  
  87  8:13  Armory  
  87  8:15  Armory, Siege Tank x2  
  87  8:16  SCV x2  
  87  8:19  Factory Tech Lab  
  95  8:32  Factory  
  96  8:41  SCV  
  96  8:47  Siege Tank x2, Supply Depot  
  102  8:49  Siege Tank  
  102  8:53  SCV  
  102  8:54  Marine x2  
  108  9:09  Refinery  
  108  9:12  Factory  
  108  9:14  Terran Vehicle Weapons Level 1  
  108  9:16  Terran Vehicle And Ship Armor Level 1, Refinery  
  108  9:17  SCV  
  108  9:19  Planetary Fortress  
  108  9:22  Factory Tech Lab  
  109  9:29  SCV  
  110  9:33  Supply Depot  
  110  9:41  SCV  
  110  9:44  Thor  
  117  9:53  SCV  
  117  9:58  Factory Tech Lab  
  118  10:00  Supply Depot  
  118  10:03  Thor x2  
  118  10:05  SCV  
  118  10:06  Hellbat  
  121  10:18  SCV  
  122  10:23  Thor  
  122  10:26  Thor  
  124  10:30  SCV  
  123  10:36  Factory Tech Lab  
  123  10:42  SCV  
  121  10:51  Thor  
  121  10:52  Factory Tech Lab  
  121  10:54  SCV  
  128  11:07  Thor  
  128  11:08  Hellbat  
  128  11:10  Marine x2  
  142  11:27  Siege Tank  
  142  11:28  Marine x2  
  142  11:31  SCV  
  138  11:43  SCV  
  138  11:46  Marine  
  131  11:54  Siege Tank  
  125  12:32  Marine  
  119  12:55  Barracks  
  97  13:42  Factory Tech Lab  
  96  13:52  Supply Depot  
  96  13:55  Supply Depot  
  95  13:57  Supply Depot  
  84  14:43  Supply Depot  
  84  14:45  Supply Depot  
  84  15:06  Factory Tech Lab  
  84  15:16  Marine  
  57  15:32  Command Center  
  57  15:33  Marine  
  58  15:46  Siege Tank  
  59  15:51  Marine  
  60  16:01  SCV  
  39  16:05  Factory Tech Lab  
  30  16:09  Marine  
  30  16:13  SCV  
  30  16:25  SCV  
  30  16:27  Marine  
Show
View Real Time Build Order
Export as new Build Order

Wert Zerg - Winner!

Build Orders: Hatch First, Swarm Host 

Get SALT Encoding   

  8  0:04  Drone  
  9  0:18  Drone  
  9  0:20  Drone  
  11  0:26  Drone  
  12  0:38  Extractor  
  12  0:39  Drone  
  12  0:46  Overlord  
  13  1:15  Hatchery  
  13  1:16  Drone  
  13  1:28  Drone x2  
  13  1:31  Drone  
  16  1:49  Spawning Pool  
  15  2:04  Drone x3  
  18  2:10  Extractor  
  17  2:18  Overlord  
  17  2:36  Zergling x4  
  17  2:37  Queen x2  
  23  2:45  Drone x2  
  25  2:53  Drone  
  26  2:59  Drone x2  
  26  3:02  Drone  
  29  3:18  Drone x3  
  32  3:22  Overlord  
  32  3:31  Lair  
  32  3:34  Overlord  
  32  3:42  Drone x3  
  35  3:55  Drone x4  
  37  3:56  Drone  
  40  4:11  Overlord  
  40  4:12  Overlord, Roach Warren, Drone  
  38  4:31  Drone x4  
  38  4:32  Drone x3  
  38  4:34  Hatchery  
  44  4:39  Infestation Pit  
  43  4:52  Extractor x2  
  41  4:54  Roach x6  
  53  5:09  Queen  
  55  5:23  Drone  
  55  5:24  Overlord x2  
  55  5:27  Extractor  
  55  5:52  Swarm Host x2  
  55  5:53  Swarm Host x3  
  70  6:09  Overlord x2  
  70  6:10  Overlord x2  
  70  6:14  Extractor  
  70  6:16  Extractor  
  68  6:32  Drone x4  
  72  6:33  Drone x2  
  74  6:41  Ravager x6  
  71  7:13  Metabolic Boost  
  71  7:19  Spore Crawler  
  71  7:20  Swarm Host x5  
  71  7:21  Swarm Host x2  
  91  7:24  Drone x3  
  91  7:25  Drone x7  
  91  7:26  Drone x4  
  105  7:39  Nydus Network  
  105  7:40  Hatchery  
  97  8:09  Overseer  
  97  8:27  Spire  
  96  8:48  Zergling x2  
  97  8:49  Zergling x6  
  97  8:50  Overlord x6  
  97  8:51  Overlord x2  
  100  9:13  Zergling x10  
  100  9:14  Zergling x26  
  118  9:49  Swarm Host x14  
  118  9:50  Swarm Host x2  
  163  9:59  Nydus Canal  
  126  10:57  Hive  
  126  11:08  Nydus Canal  
  126  11:21  Overlord x4  
  126  11:24  Zergling x2  
  126  11:25  Zergling x20  
  137  11:46  Roach x8  
  151  12:12  Swarm Host x8  
  151  12:13  Swarm Host  
  159  12:45  Hatchery  
  146  13:18  Hatchery  
  145  13:32  Spine Crawler  
  145  13:33  Spawning Pool  
  143  13:36  Infestation Pit  
  141  13:43  Extractor  
  133  13:48  Extractor  
  126  14:33  Hatchery  
  123  14:39  Overlord  
  114  15:06  Lair  
  114  15:11  Spine Crawler  
  88  17:10  Queen  
Tags
 
Add a new tag
Caveats
  • Supply blocks, unpowered buildings, or Contaminate may cause inaccurate times.
  • Supply counts are checked every 10 seconds.